 Seeded DCSS version 0.29.1-15-g9cfb28693d (webtiles) character file.

Game seed: 3489164127388264442 (custom seed)

77 GigaChad the Chopper (level 4, -1/38 HPs)
             Began as a Minotaur Gladiator on Mar 11, 2023.
             Succumbed to an adder's poison
             ... on level 3 of the Dungeon.
             The game lasted 00:01:59 (2570 turns).

GigaChad the Chopper (Minotaur Gladiator)           Turns: 2570, Time: 00:01:59

Health: -1/38      AC:  4    Str: 21    XL:     4   Next: 13%
Magic:  3/3        EV: 12    Int:  5    God:
Gold:   118        SH:  0    Dex: 11    Spells: 3/3 levels left

rFire   . . .      SeeInvis .   a - +0 war axe
rCold   . . .      Faith    .   (no shield)
rNeg    . . .      Spirit   .   b - +1 leather armour
rPois   .          Reflect  .   c - +0 hat
rElec   .          Harm     .   (no cloak)
rCorr   .          Rampage  .   (no gloves)
Will    .....                   (no boots)
Stlth   +.........              (no amulet)
HPRegen 0.12/turn               (no ring)
MPRegen 0.08/turn               (no ring)

@: lethally poisoned (-1 -> -9)
A: horns 2, retaliatory headbutt
a: no special abilities


You were on level 3 of the Dungeon.
You visited 1 branch of the dungeon, and saw 3 of its levels.

You collected 118 gold pieces.

Inventory:

Hand Weapons
 a - a +0 war axe (weapon)
Missiles
 d - 3 throwing nets (quivered)
 e - a javelin
Armour
 b - a +1 leather armour (worn)
 c - a +0 hat (worn)
Jewellery
 p - a +6 ring of strength
Scrolls
 f - a scroll of teleportation {unknown}
 h - a scroll of amnesia {unknown}
 i - a scroll of magic mapping {unknown}
 m - 2 scrolls of enchant armour
 n - a scroll of acquirement {unknown}
 t - a scroll of immolation {unknown}
 u - a scroll of identify {unknown}
 v - a scroll of poison {unknown}
 w - a scroll of silence {unknown}
Potions
 g - a potion of magic
 j - a potion of heal wounds {unknown}
 k - a potion of mutation {unknown}
 l - a potion of attraction {unknown}
 o - 3 potions of might {unknown}
 q - 2 potions of brilliance {unknown}
 r - a potion of haste {unknown}
 s - a potion of lignification {unknown}


   Skills:
 + Level 3.0 Fighting
 + Level 4.6 Axes
 + Level 2.0 Throwing
 + Level 2.0 Armour
 + Level 3.7 Dodging
 + Level 0.6 Stealth


You had 3 spell levels left.
You didn't know any spells.
Your spell library contained the following spells:

 Spells                   Type           Power      Damage    Failure   Level
 Sandblast                Erth           0%         2d4       52%         1
 Blink                    Tloc           0%         N/A       67%         2
 Passwall                 Tmut/Erth      0%         N/A       67%         2
 Gell's Gravitas          Tloc           0%         N/A       88%         3
 Ignite Poison            Fire/Tmut/Pois 0%         N/A       88%         3
 Lesser Beckoning         Tloc           0%         N/A       88%         3
 Mephitic Cloud           Conj/Pois/Air  0%         N/A       88%         3
 Stone Arrow              Conj/Erth      0%         3d7       88%         3
 Teleport Other           Tloc           0%         N/A       88%         3
 Freezing Cloud           Conj/Ice/Air   0%         6-21      100%        5
 Manifold Assault         Tloc           0%         N/A       100%        5


Dungeon Overview and Level Annotations

Branches:
Dungeon (3/15)

Altars:

Shops:
D:1 (*(*


Innate Abilities, Weirdness & Mutations

You have a pair of horns on your head.
You reflexively headbutt those who attack you in melee.


Message History

The adder is almost dead.
You feel sick.
The adder bites you but does no damage. x2
An adder is nearby!
You miss the adder.
The adder is almost dead.
You feel sick. The adder barely misses you.
You are too injured to fight recklessly!
You are too injured to fight recklessly!
You are too injured to fight recklessly!
You are too injured to fight recklessly!
You are too injured to fight recklessly!
You miss the adder.
The adder is almost dead.
You feel sick. The adder bites you.
You are more poisoned.
The adder poisons you! The adder bites you.
You are lethally poisoned!
The adder poisons you!
You miss the adder.
The adder is almost dead.
* * * LOW HITPOINT WARNING * * *
You feel very sick. The adder misses you. The adder bites you.
* * * LOW HITPOINT WARNING * * *
You are more poisoned.
The adder poisons you!
You slash the adder!
You kill the adder!
* * * LOW HITPOINT WARNING * * *
You feel very sick.
Your Armour skill increases to level 2!
You have reached level 4!
You feel stronger.
As you read the scroll labelled PIOLEMI BIGUL, it crumbles to dust.
It is a scroll of enchant armour.
Your +0 leather armour glows green for a moment.
* * * LOW HITPOINT WARNING * * *
You feel sick.
It was a potion of magic.
Magic courses through your body.
You die...

#.#.####.###.....#
#........##.......
#.#...##.#..<..†..
#........+........
#.#...##.#........
#.##.###.##.......
#........###.....#
#.######## ##...##
#@# ##+## #.# #.#
#.# #.# #.. ###


There were no monsters in sight!

Vanquished Creatures
  4 adders
  2 worms (D:2)
  2 dart slugs
  5 ball pythons
  4 bats (D:1)
  3 endoplasms (D:1)
  3 giant cockroaches
  A goblin (D:1)
  2 hobgoblins
  2 jackals (D:1)
  4 rats
32 creatures vanquished.

Vanquished Creatures (others)
  A plant (D:2)
1 creature vanquished.

Grand Total: 33 creatures vanquished

Notes
Turn   | Place    | Note
-------+----------+-------------------------------------------
     0 | D:1      | GigaChad the Minotaur Gladiator began the quest for the
                  | Orb.
     0 | D:1      | Reached XP level 1. HP: 18/18 MP: 0/0
    99 | D:1      | Found Memokoir's Weapon Emporium.
   137 | D:1      | Reached skill level 4 in Axes
   236 | D:1      | Reached XP level 2. HP: 18/25 MP: 1/1
   663 | D:1      | Reached skill level 1 in Armour
   711 | D:1      | Found Puxtej's Assorted Antiques.
   850 | D:1      | Found Zeti's Antique Weapon Boutique.
  1149 | D:1      | Found Coheu's General Store.
  1198 | D:2      | Reached XP level 3. HP: 27/30 MP: 2/2
  1925 | D:2      | Found a faded altar of an unknown god.
  2569 | D:3      | Reached XP level 4. HP: 3/38 MP: 3/3
  2569 | D:3      | HP: 1/38 [poisoned by an adder]
  2570 | D:3      | Succumbed to an adder's poison

Illustrated notes

Levels and vault maps discovered:
D:1:      minmay_arrival_statue_studded, layout_basic, serial_shops, shop, shop,
          nicolae_shop_window_shopping, nicolae_shop_bloodbath_and_beyond,
          minivault_19, kennysheep_doodads, hex_medium, corexii_hall_statues_l,
          nrook_campfire, minivault_5
D:2:      layout_loops_ring, chequers_ecumenical_altar_lobes
D:3:      minmay_chambers_of_threes, layout_loops_corners

Skill      XL: |  1  2  3 |
---------------+----------+-----
Axes           | 4 |  4.6
Armour         | 1 2 |  2.0
Fighting       | 3 |  3.0
Throwing       | |  2.0
Dodging        | |  3.7
Stealth        | |  0.6

Action                   |  1- 3 |  4- 6 || total
-------------------------+-------+-------++-------
Melee: War axe           |    86 |       ||    86
       Headbutt          |    12 |       ||    12
       Punch             |     1 |       ||     1
  Use: Scroll            |       |     1 ||     1
       Potion            |       |     1 ||     1
Armor: Leather armour    |    19 |       ||    19
Dodge: Dodged            |    60 |       ||    60
